 Dungeon Crawl Stone Soup version 0.26-a0-542-gbaa144ba5c (webtiles) character file.

Game seed: 3959995766126987787

22 Aksej the Chopper (level 2, -3/22 HPs)
             Began as a Demonspawn Gladiator on Aug 17, 2020.
             Slain by a worker ant (4 damage)
             ... on level 2 of the Dungeon.
             The game lasted 00:01:57 (1050 turns).

Aksej the Chopper (Demonspawn Gladiator)            Turns: 1050, Time: 00:01:57

Health: -3/22      AC:  6    Str: 14    XL:     2   Next: 68%
Magic:  2/2        EV: 12    Int:  9    God:
Gold:   86         SH:  0    Dex: 14    Spells: 1/1 levels left

rFire    . . .     SeeInvis .   a - +0 war axe
rCold    . . .     Faith    .   (no shield)
rNeg     . . .     Spirit   .   e - +0 ring mail
rPois    .         Reflect  .   c - +0 helmet
rElec    .         Harm     .   (no cloak)
rCorr    .                      (no gloves)
MR       .....                  (no boots)
Stlth    +.........             (no amulet)
HPRegen  0.07/turn              (no ring)
MPRegen  0.08/turn              (no ring)

@: lethally poisoned (-3 -> -9), invisible
A: powered by pain 1
a: no special abilities


You were on level 2 of the Dungeon.
You visited 1 branch of the dungeon, and saw 2 of its levels.

You collected 86 gold pieces.

Inventory:

Hand Weapons
 a - a +0 war axe (weapon)
Missiles
 d - 3 throwing nets (quivered)
Armour
 c - a +0 helmet (worn)
 e - a +0 ring mail (worn)
Jewellery
 h - an uncursed ring of wizardry {unknown}
Potions
 b - a potion of invisibility
 f - a potion of mutation {unknown}
 g - a potion of haste {unknown}


   Skills:
 + Level 2.0 Fighting
 * Level 3.2 Axes
 + Level 1.8 Throwing
 + Level 0.4 Armour
 + Level 2.9 Dodging


You had one spell level left.
You didn't know any spells.
Your spell library was empty.

Dungeon Overview and Level Annotations

Branches:
Dungeon (2/15)

Altars:
Kikubaaqudgha


Innate Abilities, Weirdness & Mutations

You sometimes gain a little power by taking damage.


Message History

The worker ant twitches its antennae in your direction.
You slash the worker ant!
The worker ant is heavily wounded.
The worker ant barely misses you. The worker ant closely misses you.
You hit the worker ant.
The worker ant is almost dead.
The worker ant bites you!
You are poisoned.
The worker ant poisons you!
You closely miss the worker ant.
The worker ant is almost dead.
You feel sick. The worker ant bites you. x2
You barely miss the worker ant.
The worker ant is almost dead.
You feel sick. The worker ant closely misses you. The worker ant bites you!
* * * LOW HITPOINT WARNING * * *
It was a potion of invisibility.
You fade into invisibility!
The worker ant bites you.
You die...

## ######### .# #.......#
###.###.###.###
#####............#
##############......####.####.##
#..............@a##.##.....##...
#...######>...#####.#.......#...
###..###...#### ##.#.......#.†#
##.......# #......_.....#.
####.##.#######..#.......#...
#.##......##..#.......#..[
#.#######.....##.....##... ###
.# #.# #####.####.####... ..#..#
#.# #...........##


You could see a worker ant.

Vanquished Creatures
  A dart slug (D:2)
  2 giant cockroaches (D:2)
  2 goblins (D:1)
  2 hobgoblins (D:1)
  2 jackals (D:2)
  3 kobolds
  A ball python (D:2)
  4 bats
  A frilled lizard (D:2)
18 creatures vanquished.

Notes
Turn   | Place    | Note
-------+----------+-------------------------------------------
     0 | D:1      | Aksej the Demonspawn Gladiator began the quest for the Orb.
     0 | D:1      | Reached XP level 1. HP: 16/16 MP: 1/1
   793 | D:2      | Gained mutation: You sometimes gain a little power by
                  | taking damage. [demonic ancestry]
   793 | D:2      | Reached XP level 2. HP: 22/22 MP: 2/2
   799 | D:2      | Reached skill level 3 in Axes
   903 | D:2      | Found an ancient bone altar of Kikubaaqudgha.
  1049 | D:2      | HP: 1/22 [worker ant (7)]
  1050 | D:2      | Slain by a worker ant

Illustrated notes

Levels and vault maps discovered:
D:1:      eino_arrival_water_star, layout_basic
D:2:      layout_rooms, old_standard_altar, uniq_sigmund,
          uniq_crazy_yiuf_cottage

Skill      XL: |  1  2 |
---------------+-------+-----
Axes           | 3 |  3.2
Fighting       | |  2.0
Throwing       | |  1.8
Armour         | |  0.4
Dodging        | |  2.9

Action                   || total
-------------------------++-------
Melee: War axe           ||    43
  Use: Scroll            ||     2
       Potion            ||     1
Armor: Leather armour    ||     5
       Ring mail         ||    19
Dodge: Dodged            ||    39

Table legend: (Time is in decaauts)
 A = Elapsed time spent in this place.
 B = Non-inter-level travel time spent in this place.
 C = Inter-level travel time spent in this place.
 D = Time resting spent in this place.
 E = Time spent auto-exploring this place.
 F = Levels seen in this place.
 G = Mean time per level.
                   A        B        C        D        E       F      G
               +--------+--------+--------+--------+--------+-----+--------+
         Total |   1066 |   1045 |     21 |      0 |    912 |   2 |  533.0 |
       Dungeon |   1066 |   1045 |     21 |      0 |    912 |   2 |  533.0 |
               +--------+--------+--------+--------+--------+-----+--------+

Top non-repeatable levels by time:
     D:1: 796 daAuts
     D:2: 269 daAuts
